 Dungeon Crawl Stone Soup version 0.23.2-1-ga50397a (webtiles) character file.

Game seed: 6477557094999974444

1477 spookyscary the Magician (level 8, 60/60 HPs)
             Began as a Mummy Necromancer on May 24, 2019.
             Quit the game on level 5 of the Dungeon.
             The game lasted 00:41:22 (5173 turns).

spookyscary the Magician (Mummy Necromancer)        Turns: 5173, Time: 00:41:23

Health: 60/60      AC:  4    Str: 11    XL:     8   Next: 49%
Magic:  17/17      EV: 13    Int: 16    God:
Gold:   266        SH:  0    Dex: 13    Spells: 8/19 levels left

rFire    x . .     SeeInvis .   c - +2 halberd
rCold    + . .     Gourm    .   (shield currently unavailable)
rNeg     + + +     Faith    .   e - +0 troll leather armour {Purgy}
rPois    ∞         Spirit   .   (no helmet)
rElec    .         Reflect  .   (no cloak)
rCorr    .         Harm     .   (no gloves)
MR       +....                  (no boots)
Stlth    ++........             (no amulet)
HPRegen  0.60/turn              (no ring)
MPRegen  0.15/turn              (no ring)

@: no status effects
A: no food or potions, fire vulnerability, cold resistance 1, negative energy
resistance 3, torment resistance, unbreathing
a: no special abilities


You were on level 5 of the Dungeon.
You were not hungry.

You visited 2 branches of the dungeon, and saw 6 of its levels.
You also visited: Sewer and Ossuary.

You collected 266 gold pieces.

Inventory:

Hand Weapons
 c - a +2 halberd (weapon)
Missiles
 a - 18 bolts
 g - 58 arrows
Armour
 e - a +0 troll leather armour (worn) {Purgy}
 i - a +2 leather armour of fire resistance
Jewellery
 h - a cursed ring of resist corrosion
Wands
 o - a wand of acid (6)
Scrolls
 b - 4 scrolls of identify
 d - a scroll of remove curse
 f - 2 scrolls of fog {unknown}
 j - 3 scrolls of teleportation
 k - 3 scrolls of magic mapping
 l - a scroll of noise {unknown}
 m - a scroll of blinking {unknown}
 n - a scroll of amnesia {unknown}


   Skills:
 + Level 3.8 Fighting
 * Level 3.4 Polearms
 + Level 3.9 Dodging
 - Level 3.0 Stealth
 - Level 6.0 Spellcasting
 - Level 6.0 Necromancy
 - Level 2.0 Transmutations


You had 8 spell levels left.
You knew the following spells:

 Your Spells              Type           Power        Failure   Level  Hunger
a - Pain                  Necr           ###.         1%          1    N/A
b - Animate Skeleton      Necr           N/A          1%          1    N/A
c - Vampiric Draining     Necr           ###.......   4%          3    N/A
d - Animate Dead          Necr           N/A          16%         4    N/A
e - Sticks to Snakes      Tmut           ##......     12%         2    N/A

Your spell library contained the following spells:

 Spells                   Type           Power        Failure   Level  Hunger
 Magic Dart               Conj           #...         19%         1    N/A
 Blink                    Tloc           N/A          26%         2    N/A
 Call Imp                 Summ           #.......     26%         2    N/A
 Slow                     Hex            #.......     26%         2    N/A
 Conjure Flame            Conj/Fire      #.......     47%         3    N/A
 Mephitic Cloud           Conj/Pois/Air  #.......     47%         3    N/A
 Beastly Appendage        Tmut           Unusable     N/A         1    N/A
 Regeneration             Chrm/Necr      Unusable     N/A         3    N/A
 Spider Form              Tmut/Pois      Unusable     N/A         3    N/A
 Ice Form                 Ice/Tmut       Unusable     N/A         4    N/A
 Blade Hands              Tmut           Unusable     N/A         5    N/A

Dungeon Overview and Level Annotations

Branches:
Dungeon (5/15)             Temple (1/1) D:5

Altars:
Ashenzari
Cheibriados
Dithmenos
Elyvilon
Hepliaklqana
Kikubaaqudgha
Makhleb
Nemelex Xobeh
Okawaru
Qazlal
Ru
Wu Jian
Zin
The Shining One

Annotations:
D:4 1 runed translucent door, kaladindcss's ghost, amateur HOMo


Innate Abilities, Weirdness & Mutations

You do not eat or drink.
Your flesh is vulnerable to fire.
You are immune to poison.
Your flesh is cold resistant. (rC+)
You are immune to negative energy. (rN+++)
You are immune to unholy pain and torment.
You can survive without breathing.


Message History

Grinder blinks!
Grinder says, "What is the universe for?"
You closely miss Grinder.
Grinder is moderately wounded.
Grinder hits you.
You puncture Grinder!
Grinder is severely wounded.
Grinder misses you. Grinder closely misses you.
You slash Grinder!
You kill Grinder!
Your Polearms skill increases to level 3!
You pick up a book of Minor Magic and begin reading...
You add the spells Magic Dart, Blink, Call Imp, Slow, Conjure Flame and Mephitic Cloud to your library.
Okay, then.
Quiver which item? (- for none, * to show all) (? for menu, Esc to quit)
Okay, then.
Your movement speed is average.
Your attack speed is quite slow.
Quiver which item? (- for none, * to show all) (? for menu, Esc to quit)
Okay, then.
Are you sure you want to abandon this character and quit the game? (Confirm with "yes".)

#.......'.............
#.......#.......^.....
#.......#.............
#.......##.......##...
#.......###########...
#.......##.......##÷##
..#................##...
........................
.......@................
........................
#+##########...##..##...
#.####...#####'##..#####
#...#...................
#...#...................
#...#...................
#...#...................
#.......#'#.............


There were no monsters in sight!

Vanquished Creatures
  Grinder (D:5)
  Menkaure (Ossuary)
  An ice beast (D:5)
  A sky beast (D:5)
  Purgy (Sewer)
  An ogre (D:4)
  A centaur (D:5)
  2 elf zombies (Ossuary)
  A water moccasin skeleton (D:4)
  A scorpion (D:3)
  A troll zombie (Ossuary)
  A hound (D:4)
  2 human zombies (Ossuary)
  An orc priest (D:4)
  A gnoll shaman (D:3)
  4 ogre zombies (Ossuary)
  6 mummies (Ossuary)
  7 gnolls
  5 adders
  A shadow imp (D:5)
  2 adder zombies (Ossuary)
  A leopard gecko (D:3)
  6 orcs
  9 bats
  A giant cockroach (D:3)
  3 goblins
  7 hobgoblins
  2 jackals (D:1)
  A quokka (D:2)
  2 frilled lizards (D:1)
  A gnoll zombie (Ossuary)
  5 goblin zombies (Ossuary)
  2 hobgoblin zombies (Ossuary)
  4 kobolds
  6 kobold zombies (Ossuary)
  A leopard gecko skeleton (D:5)
  An orc zombie (Ossuary)
  A quokka zombie (Ossuary)
  4 rats
  3 rat zombies (Ossuary)
102 creatures vanquished.

Vanquished Creatures (collateral kills)
  A gnoll (D:4)
  An orc (D:4)
  A giant cockroach (D:4)
  A hobgoblin (D:1)
  A kobold (D:1)
  A frilled lizard (D:1)
  A rat (D:4)
7 creatures vanquished.

Vanquished Creatures (others)
  A leopard gecko (D:2)
1 creature vanquished.

Grand Total: 110 creatures vanquished

Notes
Turn   | Place    | Note
-------+----------+-------------------------------------------
     0 | D:1      | spookyscary the Mummy Necromancer began the quest for the
                  | Orb.
     0 | D:1      | Reached XP level 1. HP: 13/13 MP: 4/4
     2 | D:1      | Learned a level 1 spell: Animate Skeleton
   296 | D:1      | Reached XP level 2. HP: 19/19 MP: 3/6
   585 | D:2      | Found a white marble altar of Elyvilon.
   608 | D:2      | Reached XP level 3. HP: 24/24 MP: 5/8
   616 | D:2      | Learned a level 3 spell: Vampiric Draining
   627 | D:2      | Noticed a fire elemental
   628 | D:2      | Noticed an earth elemental
   674 | D:2      | Found a glowing golden altar of the Shining One.
   722 | D:2      | Found a stormy altar of Qazlal.
   724 | D:2      | Noticed a water elemental
   725 | D:2      | Noticed an air elemental
  1134 | D:3      | Noticed a scorpion
  1211 | D:3      | Killed a scorpion
  1211 | D:3      | Reached skill level 5 in Necromancy
  1211 | D:3      | Reached XP level 4. HP: 15/30 MP: 0/10
  1217 | D:3      | Learned a level 4 spell: Animate Dead
  1820 | D:4      | Reached skill level 5 in Spellcasting
  1882 | D:3      | Reached XP level 5. HP: 14/35 MP: 1/12
  2100 | D:4      | Found a shadowy altar of Dithmenos.
  2277 | D:4      | Found a runed translucent door.
  2277 | D:4      | Noticed kaladindcss's ghost (amateur HOMo)
  2295 | D:4      | Noticed an ogre
  2323 | D:4      | Killed an ogre
  2323 | D:4      | Reached skill level 1 in Fighting
  2405 | D:4      | Found a glowing drain.
  2414 | Sewer    | Entered a sewer
  2453 | Sewer    | Noticed Purgy
  3199 | Sewer    | Killed Purgy
  3199 | Sewer    | Reached XP level 6. HP: 24/43 MP: 0/15
  3225 | Sewer    | Learned a level 2 spell: Sticks to Snakes
  3517 | D:4      | Found an iron altar of Okawaru.
  3768 | D:5      | Entered Level 5 of the Dungeon
  3768 | D:5      | Found a staircase to the Ecumenical Temple.
  3777 | Temple   | Entered the Ecumenical Temple
  3958 | D:5      | Noticed an ice beast
  3959 | D:5      | Noticed Grinder
  3973 | D:5      | Killed an ice beast
  3973 | D:5      | Reached skill level 1 in Polearms
  3973 | D:5      | Reached XP level 7. HP: 18/50 MP: 7/16
  3978 | D:5      | Paralysed by Grinder for 5 turns
  4052 | D:5      | Reached skill level 1 in Transmutations
  4089 | D:5      | Found a sand-covered staircase.
  4101 | Ossuary  | Entered an ossuary
  4680 | Ossuary  | Reached XP level 8. HP: 54/58 MP: 17/17
  4745 | Ossuary  | Noticed Menkaure
  4765 | Ossuary  | Killed Menkaure
  5151 | D:5      | Killed Grinder
  5173 | D:5      | Quit the game

Skill      XL: |  1  2  3  4  5  6  7  8 |
---------------+-------------------------+-----
Spellcasting   | 3 4 5 6 |  6.0
Necromancy     | 5 6 |  6.0
Stealth        | 2 3 |  3.0
Fighting       | 1 2 3 |  3.8
Dodging        | 2 3 |  3.9
Polearms       | 1 2 3 |  3.4
Transmutations | 2 |  2.0

Action                   |  1- 3 |  4- 6 |  7- 9 || total
-------------------------+-------+-------+-------++-------
Melee: Short sword       |     9 |       |       ||     9
       Dagger            |       |    50 |       ||    50
       Halberd           |       |    53 |   218 ||   271
 Fire: Blowgun           |       |    11 |       ||    11
       Hunting sling     |       |     2 |       ||     2
Throw: Stone             |    19 |       |       ||    19
 Cast: Pain              |    43 |    50 |     9 ||   102
       Animate Skeleton  |    15 |    17 |     1 ||    33
       Vampiric Draining |     1 |    29 |     8 ||    38
  Use: Scroll            |     3 |    10 |     1 ||    14
 Stab: Sleeping          |       |     2 |    12 ||    14
Armor: Robe              |     2 |    23 |       ||    25
       Leather armour    |       |     4 |       ||     4
       Troll leather arm |       |     8 |    35 ||    43
Dodge: Dodged            |    14 |   122 |    94 ||   230
